 Dungeon Crawl Stone Soup version 0.23.2 (webtiles) character file.

Game seed: 7449265140800721510

193 Menchi the Skirmisher (level 5, -3/50 HPs)
             Began as a Minotaur Fighter on Apr 8, 2019.
             Slain by a moth of wrath (5 damage)
             ... on level 3 of the Dungeon.
             The game lasted 00:04:03 (2015 turns).

Menchi the Skirmisher (Minotaur Fighter)            Turns: 2015, Time: 00:04:04

Health: -3/50      AC: 10    Str: 21    XL:     5   Next: 43%
Magic:  4/4        EV: 14    Int:  5    God:
Gold:   82         SH:  0    Dex: 19    Spells: 4/4 levels left

rFire    x . .     SeeInvis .   a - +0 war axe
rCold    + . .     Gourm    .   (no shield)
rNeg     . . .     Faith    .   b - +0 scale mail
rPois    .         Spirit   .   t - +1 hat
rElec    .         Reflect  .   c - +0 cloak
rCorr    .         Harm     .   w - +0 pair of gloves
MR       .....                  (no boots)
Stlth    +.........             l - amulet of the acrobat
HPRegen  0.16/turn              m - +4 ring of dexterity
MPRegen  0.09/turn              n - ring of ice

@: agile, berserk cooldown, slowed, very slow
A: retaliatory headbutt, horns 2
a: no special abilities


You were on level 3 of the Dungeon.
You were hungry.

You visited 1 branch of the dungeon, and saw 3 of its levels.

You collected 82 gold pieces.

Inventory:

Hand Weapons
 a - a +0 war axe (weapon)
Armour
 b - a +0 scale mail (worn)
 c - a +0 cloak (worn)
 t - a +1 hat (worn)
 w - a +0 pair of gloves (worn)
Jewellery
 l - an amulet of the acrobat (around neck)
 m - a +4 ring of dexterity (left hand)
 n - a ring of ice (right hand)
 v - an uncursed amulet of magic regeneration
Scrolls
 e - a scroll of magic mapping {unknown}
 h - 2 scrolls of remove curse {unknown}
 i - 3 scrolls of amnesia {unknown}
 k - a scroll of teleportation {unknown}
 o - 6 scrolls of identify {unknown}
 p - a scroll of enchant armour {unknown}
 u - a scroll of enchant weapon {unknown}
 x - a scroll of noise {unknown}
Potions
 d - a potion of might
 g - a potion of berserk rage
 q - a potion of brilliance {unknown}
 r - a potion of lignification {unknown}
 s - a potion of heal wounds {unknown}
Comestibles
 f - 2 rations


   Skills:
 * Level 6.1 Fighting
 + Level 4.8 Axes
 - Level 3.6 Armour
   Level 3.6 Shields


You had 4 spell levels left.
You didn't know any spells.
Your spell library was empty.

Dungeon Overview and Level Annotations

Branches:
Dungeon (3/15)

Altars:
Trog
Xom


Innate Abilities, Weirdness & Mutations

You reflexively headbutt those who attack you in melee.
You have a pair of horns on your head.


Message History

* * * LOW HITPOINT WARNING * * *
You slash the moth of wrath!
The moth of wrath is almost dead.
You are no longer berserk.
You are exhausted.
You feel yourself slow down. The moth of wrath bites you.
* * * LOW HITPOINT WARNING * * *
You hit the moth of wrath.
The moth of wrath is almost dead.
The moth of wrath bites you but does no damage.
The moth of wrath closely misses you. You furiously retaliate!
You headbutt the moth of wrath.
It was a potion of berserk rage.
You're still recovering from your berserk rage.
The moth of wrath closely misses you. x2; You furiously retaliate!
You headbutt the moth of wrath, but do no damage.
It was a potion of agility.
You feel agile all of a sudden. The moth of wrath bites you.
You die...

.#
#....#.##............#......
.#
######)##.#####.######.###..
.# #.................###..
#### #####.####.#####....#..
...+ #.##..........#.#..
#### ####.####.(......#.#..
##.......##..#.#..#.#..
##.....†...##.#>#..#.#..
#......@y...#........#
#....###†...####......
#...##.##...# +.......#
#....###....# #.......#
##....^....## ###+#####
#.).._....# ##....)..##
###).)### ####


You could see a moth of wrath.

Vanquished Creatures
  An orc priest (D:3)
  8 adders
  3 worms
  2 leopard geckos
  3 orcs (D:3)
  2 ball pythons
  12 bats
  3 giant cockroaches
  10 goblins
  5 hobgoblins
  4 jackals (D:2)
  3 kobolds (D:2)
  3 quokkas
  7 frilled lizards
  12 rats
78 creatures vanquished.

Notes
Turn   | Place    | Note
-------+----------+-------------------------------------------
     0 | D:1      | Menchi the Minotaur Fighter began the quest for the Orb.
     0 | D:1      | Reached XP level 1. HP: 19/19 MP: 0/0
   130 | D:1      | Reached skill level 4 in Fighting
   237 | D:1      | Reached XP level 2. HP: 26/27 MP: 1/1
   771 | D:2      | Reached skill level 5 in Fighting
   771 | D:2      | Reached XP level 3. HP: 36/36 MP: 2/2
  1037 | D:2      | Reached XP level 4. HP: 42/42 MP: 3/3
  1431 | D:2      | Found a shimmering altar of Xom.
  1703 | D:3      | Reached skill level 6 in Fighting
  1703 | D:3      | Reached XP level 5. HP: 36/50 MP: 4/4
  1994 | D:3      | Noticed a moth of wrath
  1997 | D:3      | Found a bloodstained altar of Trog.
  2012 | D:3      | HP: 1/50 [moth of wrath (5)]
  2015 | D:3      | Slain by a moth of wrath

Skill      XL: |  1  2  3  4 |
---------------+-------------+-----
Fighting       | 4 5 6 |  6.1
Axes           | 3 4 |  4.8
Armour         | |  3.6
Shields        | |  3.6

Action                   |  1- 3 |  4- 6 || total
-------------------------+-------+-------++-------
Melee: War axe           |    86 |    73 ||   159
       Headbutt          |    11 |    15 ||    26
  Use: Potion            |       |     2 ||     2
  Eat: Chunk             |     1 |     2 ||     3
Armor: Scale mail        |    57 |    38 ||    95
Dodge: Dodged            |    53 |    50 ||   103
